Priest Dude, lawful male human Priest ------- --- ---- --..--.---.---- --..--- ----- ---- |...........|.---- |.....-----...-----..| |................-- --...|..........--....---- |.................| |*..-|...----............-- --........---*....| |..------- |.....).......----------- |........| --..--- |..| ---.....................----- --........------- |..-- |...--........-------.....| |...........-- ---- |...| ---.--.......-- |.....--- --............| --...---...-- - -- |..........-- --......| |..)......--..| |.....|..%..---- ........|...--..| ---- --.....| |.......------- |..........%>............|...||..| |..| -----...| --...%..| --- ----....................---------- --..| |.`--...-- |...%..------ |.--- |........--.-- ......| |...---.^......| |........|..| |...--- --.......| -- ..-- |.)).)%.......-- -- --..%........---.....|--- ----./--- | |....G.--.....| |......<.........^......--.| ---..--- -...@..||...--- |.........--..--..........(-- |......| |......----.-- --...---.--------^|..----*..-----.---..| |......| --- ---- --- ------ |.........| ..| -------- ----------- --- Priest Dude the Adept Experience level: 7 Strength: 9 Dexterity: 13 Constitution: 15 Intelligence: 8 Wisdom: 18 Charisma: 12 Health: 0(60) Energy: 85(85) Def: 18 Gold: 27 Moves: 4028 Dungeon seed: utopW6DoVvLC3FG6 Game ID: Priest Dude_1554741610 Your Inventory: Coins $ - 27 gold pieces Weapons a - a blessed rusty +1 mace (weapon in hand) Armor e - a +0 robe (being worn) n - a +0 pair of iron shoes (being worn) q - a +0 orcish helm (being worn) y - a blessed +2 gray dragon scale mail (being worn) N - a blessed +0 dwarvish roundshield (being worn) Comestibles c - a clove of garlic d - a sprig of wolfsbane Scrolls Q - a blessed scroll of punishment Tools l - a towel p - a magic whistle r - a sack G - a blindfold I - a skeleton key P - a sack Contents of the sack: a +0 dwarvish mattock a scroll of amnesia a scroll of create monster a spellbook of extra healing a spellbook of healing a potion of fruit juice a potion of healing 4 potions of holy water a ring of conflict a ring of searching a worthless piece of red glass Contents of the sack: a potion of levitation Spells and supernatural/magical abilities: Name Level Category Fail Memory h - healing 1 healing 59% 98% x - extra healing 3 healing 94% 80% W - pray for help -- divine ? -- X - turn undead -- divine ? -- Your skills at the end: Fighting Skills Weapon Skills mace [Basic] Spellcasting Skills clerical spells [Basic] Final Attributes: You were piously aligned. You were poison resistant. You were magic-protected. You are dead. Vanquished creatures: 2 large mimics an ettin zombie a giant spider a Woodland-elf a soldier ant 3 fire ants a bugbear an orc shaman a rock piercer a fog cloud 9 gnome lords 3 gnomish wizards a kobold mummy 2 black naga hatchlings a kitten 7 dwarves a rothe 2 iguanas 4 killer bees an acid blob a gas spore a hobgoblin 2 cave spiders a yellow mold 2 red molds 46 gnomes 2 garter snakes 3 gnome zombies 2 geckos 4 jackals 2 foxes a kobold 3 goblins 10 sewer rats 5 grid bugs 4 lichens 2 newts 135 creatures vanquished. Voluntary challenges: You had been an atheist until turn 3262. You used a wielded weapon 271 times, starting on turn 58. You read items or engraved 8 times, starting on turn 976. You never genocided any monsters. You never polymorphed an object. You never changed form. You used 1 wish, starting on turn 762. You did not wish for any artifacts. You never split a pudding. You never wrote Elbereth's name. You violated your moral code, losing 13 points of alignment, starting on turn 2964. Dungeon overview: The Dungeons of Doom: levels 1 to 3 Level 1 a long staircase Level 2 a hardware shop Level 3 a general store stairs to The Gnomish Mines The Gnomish Mines: levels 4 to 9 Level 4 stairs to The Dungeons of Doom Level 5 Level 6 Level 7 many shops, a temple to Hermes, some fountains, some trees Level 8 Level 9 <- You were here History has recorded: On T:1 you entered the Dungeons of Doom to retrieve the Amulet of Yendor! On T:287 you reached level 2 of The Dungeons of Doom. On T:425 you advanced to experience level 2. On T:762 you wished for "Blessed +2 Gray Dragon Scale Mail". On T:771 you reached level 3 of The Dungeons of Doom. On T:884 you advanced to experience level 3. On T:922 you advanced to experience level 4. On T:1129 you advanced to experience level 5. On T:1335 you reached level 1 of The Gnomish Mines. On T:2208 you reached level 2 of The Gnomish Mines. On T:2268 you advanced to experience level 6. On T:2604 you reached level 3 of The Gnomish Mines. On T:2759 you advanced to experience level 7. On T:3093 you reached level 4 of The Gnomish Mines. On T:3461 you reached level 5 of The Gnomish Mines. On T:3681 you reached level 6 of The Gnomish Mines. Score breakdown: Gold: 27 ( 4922 points) Experience: 7 levels (13645 points) Exploration: 9 levels ( 19.15%) (12510 points) Discoveries: 17 items ( 5.72%) ( 7177 points) Valuables value: (no points given unless you survive) Artifact value: 0 ( 0 points) Variety of kills: 37 monsters ( 9.71%) ( 9348 points) Turncount: 4028 turns (-1035 points) Survival: died (score multiplied by 80%) Total score: 37253 Latest messages: You are almost hit by a dagger. The gnome lord throws a dagger! You are almost hit by a dagger. This fortune cookie is delicious! You finish eating the fortune cookie. This cookie has a scrap of paper inside. It reads: Spare your scrolls of make-edible until it's really necessary! The gnome lord throws a poisoned dart! You are almost hit by a poisoned dart. You have a little trouble lifting Q - a blessed scroll labeled FOOBIE BLETCH. The gnome lord picks up 2 daggers. Click! The gnome lord triggers something. The boulder hits the gnome lord! The gnome lord wields a dagger! The gnome lord thrusts his dagger. The gnome lord hits! You begin praying to Athena. The gnome lord thrusts his dagger. The gnome lord hits! You die... Final status: Goodbye Priest Dude the Priest, killed by a gnome lord, while praying... You died in The Gnomish Mines on dungeon level 9 with 37253 points, and 27 pieces of gold, after 4028 moves. You were level 7 with a maximum of 60 hit points when you died.